 Dungeon Crawl Stone Soup version 0.13-a0-2450-ga447c6a (webtiles) character file.

103 Kae the Insei (level 3, -1/28 HPs)
             Began as a Demonspawn Monk on July 16, 2013.
             Slain by a worm (10 damage)
             ... on Level 2 of the Dungeon on July 17, 2013.
             The game lasted 00:04:49 (3215 turns).

Kae the Insei (Demonspawn Monk)                     Turns: 3215, Time: 00:04:49

HP  -1/28        AC  3     Str 12      XL: 3   Next: 26%
MP   2/2         EV 13     Int 11      God:
Gold 64          SH  0     Dex 15      Spells:  0 memorised,  2 levels left

Res.Fire  : . . .   See Invis. : .   h - +0 short sword
Res.Cold  : . . .   Warding    : .   a - +0 robe
Life Prot.: . . .   Conserve   : .   (no shield)
Res.Poison: .       Res.Corr.  : .   r - +0 cap
Res.Elec. : .       Clarity    : .   e - +0 elf cloak
Sust.Abil.: . .     Spirit.Shd : .   (no gloves)
Res.Mut.  : .       Stasis     : .   (no boots)
Res.Rott. : .       Flight     : .   (no amulet)
Saprovore : . . .                    (no ring)
                                     (no ring)

@: not resistant to hostile enchantments, stealthy
A: antennae 2
a: no special abilities


You were on level 2 of the Dungeon.
You were not hungry.

You visited 1 branch of the dungeon, and saw 3 of its levels.

You collected 64 gold pieces.

Inventory:

Hand weapons
 h - a +0,+0 short sword (weapon)
Armour
 a - a +0 robe (worn)
 e - a +0 elven cloak (worn)
 r - a +0 cap (worn)
Comestibles
 b - a bread ration
 c - a beef jerky
 k - a pear
 s - an apple
Scrolls
 f - 2 scrolls of magic mapping {unknown}
 g - a scroll of curse jewellery {unknown}
 i - 2 scrolls of fog {unknown}
 n - a scroll of teleportation {unknown}
 o - a scroll of curse armour {unknown}
Jewellery
 l - an uncursed amulet of clarity {unknown}
 p - an uncursed ring of flight {unknown}
Potions
 d - a potion of confusion {unknown}
 j - a potion of agility {unknown}
 m - a potion of heal wounds {unknown}


   Skills:
 - Level 3.1 Fighting
 - Level 2.7 Dodging
 - Level 1.8 Stealth
 * Level 4.5 Unarmed Combat


You had 2 spell levels left.
You didn't know any spells.

Dungeon Overview and Level Annotations

Branches:
Dungeon (3/27)

Altars:
Cheibriados
Fedhas

Annotations
D:2 Ijyb, Sigmund
D:3 TZer0's ghost, average DjBe


Innate Abilities, Weirdness & Mutations

You have a pair of antennae on your head.


Message History

You hit the worm but do no damage.
The worm is lightly wounded.
The worm closely misses you.
You hit the worm.
The worm is moderately wounded.
You hit the worm but do no damage.
The worm is moderately wounded.
The worm bites you.
You hit the worm but do no damage.
The worm is moderately wounded.
The worm bites you but does no damage.
You barely miss the worm.
The worm is moderately wounded.
You hit the worm.
The worm is heavily wounded.
The worm bites you.
You hit the worm but do no damage.
The worm is heavily wounded.
The worm bites you!
You die...

#..........##.##.....
#..........##..'.....
#..........#####.<...
#######'#### #####'
#####..# #. #.)...## #.
#####'###### ######
#.....w..).# #.....
#......@..># #.....
#........).# #.....
#..........#### #.....
#..........'..## #.....
#.<........##..####..(..
#..........###....'.[...
#######'#### ######.....
##.# ###'## #..# #...#


You could see a worm.

Vanquished Creatures
  3 orcs
  5 goblins
  4 hobgoblins
  6 jackals (D:2)
  4 bats
  A giant newt (D:1)
  4 kobolds
  8 rats
35 creatures vanquished.

Vanquished Creatures (others)
  A giant newt (D:2)
  A rat (D:2)
2 creatures vanquished.

Grand Total: 37 creatures vanquished

Notes
Turn   | Place    | Note
--------------------------------------------------------------
     0 | D:1      | Kae, the Demonspawn Monk, began the quest for the Orb.
     0 | D:1      | Reached XP level 1. HP: 16/16 MP: 0/0
   256 | D:1      | Gained mutation: You have a pair of small antennae on your head. [demonic ancestry]
   256 | D:1      | Reached XP level 2. HP: 12/22 MP: 1/1
   516 | D:1      | Reached skill level 4 in Unarmed Combat
  1577 | D:2      | Found a blossoming altar of Fedhas.
  1632 | D:2      | Noticed Ijyb
  1632 | D:2      | Noticed Sigmund
  1952 | D:2      | HP: 1/22 [worm (8)]
  2258 | D:2      | Found a snail-covered altar of Cheibriados.
  2345 | D:2      | Gained mutation: You have a pair of antennae on your head. [demonic ancestry]
  2345 | D:2      | Reached XP level 3. HP: 6/28 MP: 2/2
  2351 | D:2      | HP: 1/28 [jackal (2)]
  2815 | D:3      | Noticed TZer0's ghost (average DjBe)
  2823 | D:2      | Upgraded the game from 0.13-a0-2417-g818e1a6 to 0.13-a0-2450-ga447c6a
  3215 | D:2      | Slain by a worm

Action                   || total
-------------------------++-------
Melee: Unarmed           ||    21
       Short sword       ||   163
 Stab: Sleeping          ||     3
